 Dungeon Crawl Stone Soup version bcrawl-1.15 (webtiles) character file.

Game seed: 3601126013145091863

50 Hercules1031 the Shield-Bearer (level 3, -4/23 HPs)
             Began as a Skeleton Fighter on Sept 22, 2019.
             Killed by divine providence
             ... invoked by an orc priest
              (9 damage)
             ... on level 3 of the Dungeon.
             The game lasted 00:06:19 (1339 turns).

Hercules1031 the Shield-Bearer (Skeleton Fighter)   Turns: 1339, Time: 00:06:20

Health: -4/23      AC: 11    Str: 21 (22) XL:     3   Next: 55%
Magic:  0/3        EV:  5    Int:  5 (6)  God:
Gold:   144        SH: 10    Dex:  9      Spells: 2/2 levels left

rFire    . . .     SeeInvis .   h - +2 spear (pierce)
rCold    + . .     Gourm    .   c - +1 shield
rNeg     + + +     Faith    .   j - +0 plate armour
rPois    ∞         Spirit   +   (no helmet)
rElec    .         Reflect  .   (no cloak)
rCorr    .         Harm     .   (no gloves)
MR       .....                  (no boots)
Stlth    ..........             (no amulet)
HPRegen  0.07/turn              (no ring)
MPRegen  0.08/turn              i - ring of stealth

@: no status effects
A: no food or potions, cold resistance 1, deterioration 1, negative energy
resistance 3, torment resistance, unbreathing, magic shield, sturdy frame 1,
spell healing
a: no special abilities


You were on level 3 of the Dungeon.
You were not hungry.

You visited 1 branch of the dungeon, and saw 3 of its levels.

You collected 144 gold pieces.

Inventory:

Hand Weapons
 a - a +0 war axe
 h - a +2 spear of piercing (weapon)
Armour
 b - a +0 scale mail
 c - a +1 shield (worn)
 j - a +0 plate armour (worn)
Jewellery
 d - an uncursed ring of positive energy
 i - a ring of stealth (right hand)
Scrolls
 e - 2 scrolls of remove curse
 f - 2 scrolls of teleportation
 g - a scroll of identify {unknown}


   Skills:
 + Level 3.3 Fighting
 - Level 2.9 Axes
 + Level 0.5(1.9) Polearms
 + Level 3.7 Armour
 + Level 1.2 Dodging
 + Level 4.1 Shields


You had 2 spell levels left.
You didn't know any spells.
Your spell library was empty.

Dungeon Overview and Level Annotations

Branches:
Dungeon (3/12)

Altars:
Ashenzari
Nemelex Xobeh


Innate Abilities, Weirdness & Mutations

You do not eat or drink.
You are immune to poison.
Your flesh is cold resistant. (rC+)
Your body sometimes deteriorates upon taking damage.
You are immune to negative energy. (rN+++)
You are immune to unholy pain and torment.
You can survive without breathing.
When hurt, damage is shared between your health and your magic reserves.
Your movements are slightly less encumbered by armour. (ER -2)
Casting spells heals you.


Message History

The orc priest hits you but does no damage.
Your shield and plate armour prevent you from hitting the orc priest.
The orc priest is heavily wounded.
The orc hits you but does no damage. You block the orc priest's attack.
You hit the orc priest.
The orc priest is almost dead.
The orc hits you but does no damage.
The orc priest mumbles some strange prayers to Beogh against you.
Beogh smites you!
Ouch! That really hurt!
* * * LOW HITPOINT WARNING * * *
Your body deteriorates!
You feel dopey.
You barely miss the orc priest.
The orc priest is almost dead.
You block the orc's attack. The orc hits you but does no damage.
You barely miss the orc priest.
The orc priest is almost dead.
The orc priest invokes the aid of Beogh against you.
Beogh smites you!
You die...

. #. ..### ##....#
# .#.##.#
#.###.#.##.####
#.o@..#.##....#
#.....#o##.......#
#####.#)..#......#
..#...#......#
#.###.#†.......#
#.......##.....#
#####.###......#
#....#.#'##.#
..........#.##.#


You could see an orc priest and an orc.

Vanquished Creatures
  An ooze (D:1)
  A dart slug (D:2)
  2 leopard geckos (D:1)
  3 orcs (D:3)
  3 bats
  A giant cockroach (D:2)
  2 goblins (D:1)
  5 hobgoblins
  4 jackals
  A quokka (D:1)
  A ball python (D:1)
  4 frilled lizards
  2 kobolds
  6 rats
36 creatures vanquished.

Notes
Turn   | Place    | Note
-------+----------+-------------------------------------------
     0 | D:1      | Hercules1031 the Skeleton Fighter began the quest for the
                  | Orb.
     0 | D:1      | Reached XP level 1. HP: 14/14 MP: 1/1
   151 | D:1      | Reached XP level 2. HP: 6/19 MP: 2/2
   874 | D:2      | Reached skill level 1 in Dodging
   889 | D:2      | Found a shattered altar of Ashenzari.
   889 | D:2      | Found a sparkling altar of Nemelex Xobeh.
   892 | D:2      | Reached skill level 4 in Shields
   892 | D:2      | Reached XP level 3. HP: 23/23 MP: 3/3
  1339 | D:3      | Killed from afar by an orc priest

Skill      XL: |  1  2 |
---------------+-------+-----
Dodging        | 1 |  1.2
Shields        | 4 |  4.1
Fighting       | |  3.3
Axes           | |  2.9
Polearms       | |  0.5
Armour         | |  3.7

Action                   || total
-------------------------++-------
Melee: War axe           ||    60
       Spear             ||    45
  Use: Scroll            ||     5
 Stab: Sleeping          ||     3
Armor: Scale mail        ||    43
       Plate armour      ||    11
Dodge: Dodged            ||    30
Block: Shield            ||    48
